 Dungeon Crawl Stone Soup version 0.27.1-33-g824d729ab1 (webtiles) character file.

Game seed: 7763587525352095692

81506 Destapler the Fighter (level 15, -16/138 HPs)
             Began as a Minotaur Fighter on Dec 5, 2021.
             Was the Champion of the Shining One.
             Demolished by an ettin (42 damage)
             ... on level 2 of the Orcish Mines on Dec 6, 2021.
             The game lasted 01:24:01 (17054 turns).

Destapler the Fighter (Minotaur Fighter)           Turns: 17054, Time: 01:24:02

Health: -16/138    AC: 17    Str: 25    XL:     15   Next: 26%
Magic:  17/20      EV: 14    Int:  5    God:    the Shining One [******]
Gold:   1868       SH: 23    Dex: 12    Spells: 14/14 levels left

rFire    + . .     SeeInvis .   a - +4 long sword (elec)
rCold    + . .     Faith    .   c - +0 kite shield
rNeg     + + +     Spirit   .   k - +2 acid dragon scales
rPois    .         Reflect  .   y - +2 hat
rElec    .         Harm     .   Y - +1 cloak
rCorr    +         Rampage  .   (no gloves)
Will     +....                  D - +0 pair of boots
Stlth    +.........             n - amulet of regeneration
HPRegen  2.33/turn              r - ring of Ujeqeixo {rC+ Slay+2}
MPRegen  0.17/turn              l - ring of flight

@: divinely shielded, flying, glowing
A: horns 2, retaliatory headbutt, fire resistance 1, regeneration 1
a: Renounce Religion, Divine Shield, Cleansing Flame, Summon Divine Warrior,
Brand Weapon With Holy Wrath


You were on level 2 of the Orcish Mines.
You worshipped the Shining One.
The Shining One was exalted by your worship.
You visited 3 branches of the dungeon, and saw 23 of its levels.
You also visited: Sewer.

You collected 2144 gold pieces.
You spent 276 gold pieces at shops.

Inventory:

Hand Weapons
 a - a +4 long sword of electrocution (weapon)
 L - a +9 vorpal short sword
Missiles
 b - 3 boomerangs of dispersal
 j - 30 poisoned darts
 q - 15 boomerangs (quivered)
 P - 2 throwing nets
Armour
 c - a +0 kite shield (worn)
 k - +2 acid dragon scales (worn)
 y - a +2 hat (worn)
 D - a +0 pair of boots (worn)
 Y - a +1 cloak (worn)
Jewellery
 l - a ring of flight (right hand)
 n - an amulet of regeneration (around neck)
 o - an amulet of guardian spirit
 p - an amulet of magic regeneration
 r - the ring of Ujeqeixo (left hand) {rC+ Slay+2}
   (You found it on level 5 of the Dungeon)

   [ring of protection from cold]

   Slay:      It affects your accuracy & damage with ranged weapons and melee
   (+2).
   rC:        It protects you from cold.
 s - a ring of magical power
 u - an amulet of reflection
 E - an amulet of the acrobat
 G - an amulet of faith
 N - a ring of ice
Wands
 h - a wand of iceblast (36)
 v - a wand of acid (30)
 x - a wand of flame (15)
 B - a wand of paralysis (8)
 H - a wand of mindburst (49)
 J - a wand of polymorph (5)
 K - a wand of digging (10)
Scrolls
 g - a scroll of fog
 i - 9 scrolls of teleportation
 w - a scroll of brand weapon
 z - a scroll of blinking
 A - 4 scrolls of amnesia
 C - 4 scrolls of fear
 F - a scroll of silence
 I - 6 scrolls of identify
 Q - 2 scrolls of magic mapping
Potions
 d - a potion of might
 e - 2 potions of heal wounds
 f - 6 potions of curing
 m - 2 potions of haste
 t - 2 potions of lignification
 M - 3 potions of brilliance
 R - 2 potions of magic {unknown}
 S - a potion of berserk rage {unknown}
 V - 2 potions of resistance


   Skills:
 * Level 14.2 Fighting
 - Level 9.1(10.9) Short Blades
 + Level 10.7(12.1) Long Blades
 + Level 9.1 Throwing
 + Level 12.4 Armour
 * Level 8.4 Dodging
 + Level 14.2 Shields
 * Level 8.6 Invocations
 + Level 5.3 Evocations


You had 14 spell levels left.
You didn't know any spells.
Your spell library contained the following spells:

 Spells                   Type           Power      Damage    Failure   Level
 Summon Small Mammal      Summ           0%         N/A       56%         1
 Blink                    Tloc           N/A        N/A       71%         2
 Corpse Rot               Necr/Air       N/A        N/A       71%         2
 Passwall                 Tmut/Erth      0%         N/A       71%         2
 Static Discharge         Conj/Air       0%         N/A       71%         2
 Sublimation of Blood     Necr           0%         N/A       71%         2
 Call Canine Familiar     Summ           0%         N/A       90%         3
 Gell's Gravitas          Tloc           0%         N/A       90%         3
 Inner Flame              Hex/Fire       0%         N/A       90%         3
 Summon Guardian Golem    Hex/Summ       0%         N/A       90%         3
 Swiftness                Air            0%         N/A       90%         3
 Teleport Other           Tloc           0%         N/A       90%         3
 Animate Dead             Necr           0%         N/A       100%        4
 Cause Fear               Hex            0%         N/A       100%        4
 Dispel Undead            Necr           0%         3d6       100%        4
 Fulminant Prism          Conj/Hex       0%         3d6       100%        4
 Iskenderun's Mystic Bla  Conj/Tloc      0%         2d3       100%        4
 Petrify                  Tmut/Erth      0%         N/A       100%        4
 Sticky Flame             Conj/Fire      0%         2d3       100%        4
 Borgnjor's Vile Clutch   Necr/Erth      0%         N/A       100%        5
 Irradiate                Conj/Tmut      0%         3d13      100%        5
 Lee's Rapid Deconstruct  Erth           0%         3d5*      100%        5
 Manifold Assault         Tloc           0%         N/A       100%        5
 Death Channel            Necr           0%         N/A       100%        6
 Dispersal                Tloc           0%         N/A       100%        6
 Invisibility             Hex            0%         N/A       100%        6
 Storm Form               Tmut/Air       0%         N/A       100%        7
 Discord                  Hex            0%         N/A       100%        8


Dungeon Overview and Level Annotations

Branches:
Dungeon (15/15)            Temple (0/1) D:5            Lair (6/6) D:9
  Swamp (0/4) Lair:4       Spider (0/4) Lair:4        Slime (0/5) Lair:6
    Orc (2/2) D:12          Sewer (visited)
    Elf: Orc:2       Vaults: D:13-14     Depths: D:15

Altars:
Fedhas
Gozag
Hepliaklqana
Okawaru
Trog
Wu Jian
The Shining One

Shops:
D:14 *   Orc:2 *


Innate Abilities, Weirdness & Mutations

You have a pair of horns on your head.
You reflexively headbutt those who attack you in melee.
Your flesh is heat resistant. (rF+)
Your natural rate of healing is unusually fast.


Message History

The ettin shouts in stereo!
Things that are here:
a +0 giant spiked club; an ogre corpse You hit the ettin but do no damage.
Your headbutt misses the ettin.
The ettin hits you with a +0 dire flail!!
You block the ettin's attack.
You hit the ettin. Lightning courses through the ettin! You headbutt the ettin.
The ettin is moderately wounded.
You block the ettin's attack. x2
You hit the ettin.
The ettin is moderately wounded.
You slice the ettin!! You headbutt the ettin.
The ettin is severely wounded.
The ettin hits you with a +0 dire flail.
You block the ettin's attack.
You hit the ettin but do no damage. You headbutt the ettin!
The ettin is almost dead.
The ettin completely misses you.
The ettin hits you with a +0 dire flail!!
You hit the ettin but do no damage.
You headbutt the ettin, but do no damage.
The ettin is severely wounded.
The ettin hits you with a +0 dire flail!!
You block the ettin's attack.
You hit the ettin.
The ettin is almost dead.
The ettin hits you with a +0 dire flail!!
* * * LOW HITPOINT WARNING * * *
The ettin hits you with a +0 dire flail!!
* * * LOW HITPOINT WARNING * * *
You are too injured to fight recklessly!
You are too injured to fight recklessly!
You feel much better. The ettin closely misses you.
The ettin hits you with a +0 dire flail.
* * * LOW HITPOINT WARNING * * *
Your shield is strengthened by the Shining One's divine power.
The ettin hits you with a +0 dire flail!
* * * LOW HITPOINT WARNING * * *
The ettin hits you with a +0 dire flail!!!
You die...

............#....#
.................##
.∩.............#.#
...........$....
#.#...........
#..........#
##..#)......#
##.......C#.##
##.#....))@##.##
##.......)......#
#...#....(†)...## ######
##.#......)...##
##.##.#### ####.#.......#
#......#.# #...#.....)##
##........
##.###......#####.......#
# ###
##.#.....##......### ##.
#.....#))###...#.##.


You could see an ettin.

Vanquished Creatures
  Rupert (Lair:6)
  Kirke (Lair:4)
  Josephine (D:14)
  3 ogre magi
  5 boulder beetles
  6 hydras
  A death knight (D:12)
  3 centaur warriors
  14 two-headed ogres
  A deep troll (Orc:2)
  A phantasmal warrior (D:11)
  An orc knight (D:12)
  2 wizards
  Pikel (D:6)
  A deep elf pyromancer (D:14)
  4 cyclopes
  4 oklob plants (Lair:4)
  8 ugly things
  A manticore (D:13)
  6 elephants (Lair:5)
  5 black mambas
  10 cane toads
  A gargoyle (D:12)
  4 molten gargoyles (D:11)
  4 kobold demonologists
  3 unseen horrors
  3 komodo dragons
  2 rime drakes
  An efreet (D:15)
  A freezing wraith (D:13)
  2 tengu conjurers (D:15)
  14 trolls
  A meliai (shapeshifter) (D:13)
  6 hornets (Lair:6)
  8 polar bears
  13 slime creatures
  15 blink frogs
  12 spriggans (Lair:6)
  Sigmund (D:5)
  3 wyverns
  A hog (Lair:4)
  3 humans
  41 yaks
  8 wraiths
  4 basilisks
  3 vampire mosquitoes (D:14)
  A steam dragon (D:8)
  3 swamp worms (Lair:4)
  3 wargs
  2 acid dragons
  10 water moccasins
  16 orc warriors
  4 ice beasts
  4 black bears
  A sky beast (D:5)
  20 ogres
  2 necrophages (D:6)
  4 boggarts (Lair:6)
  4 centaurs
  31 wolves
  5 bullfrogs
  3 kobold brigands
  A gnoll sergeant (D:5)
  5 scorpions
  A water moccasin skeleton (D:6)
  8 killer bees
  12 wights
  4 howler monkeys
  2 electric eels
  2 bullfrog zombies
  3 centaur zombies
  4 jellies
  12 orc priests
  3 hounds
  A bullfrog skeleton (D:6)
  2 hell rats (Lair:3)
  An iguana (D:4)
  6 orc wizards
  A hound zombie (D:5)
  Robin (D:3)
  3 gnolls (D:4)
  A howler monkey skeleton (D:4)
  7 river rats (Lair:3)
  11 adders
  A shadow imp (D:4)
  2 white imps
  An adder zombie (D:5)
  4 worms
  2 dart slugs
  63 orcs
  3 bats
  8 endoplasms
  11 giant cockroaches
  8 hobgoblins
  8 jackals
  19 kobolds
  4 quokkas
  4 ball pythons
  4 frilled lizards
  11 goblins
  7 rats
598 creatures vanquished.

Vanquished Creatures (others)
  A human (Lair:4)
  21 fungi
  23 plants
45 creatures vanquished.

Grand Total: 643 creatures vanquished

Notes
Turn   | Place    | Note
-------+----------+-------------------------------------------
     0 | D:1      | Destapler the Minotaur Fighter began the quest for the Orb.
     0 | D:1      | Reached XP level 1. HP: 19/19 MP: 0/0
     1 | D:1      | Noticed a minotaur zombie
     4 | D:1      | Noticed a minotaur zombie
     6 | D:1      | Noticed a minotaur zombie
    18 | D:1      | Noticed a merfolk zombie
   239 | D:1      | Reached XP level 2. HP: 27/27 MP: 1/1
   645 | D:2      | Reached XP level 3. HP: 33/33 MP: 2/2
  1142 | D:2      | Found a faded altar of an unknown god.
  1148 | D:2      | Became a worshipper of the Shining One
  1148 | D:2      | Reached * piety under the Shining One
  1353 | D:3      | Noticed Robin
  1370 | D:3      | Killed Robin
  1371 | D:3      | Reached XP level 4. HP: 10/41 MP: 3/3
  1722 | D:3      | Found a glowing drain.
  1726 | Sewer    | Entered a sewer
  1737 | Sewer    | Reached XP level 5. HP: 47/47 MP: 4/4
  2497 | D:4      | Reached skill level 5 in Armour
  2497 | D:4      | Reached XP level 6. HP: 47/55 MP: 5/5
  2596 | D:4      | Reached ** piety under the Shining One
  2615 | D:4      | Reached skill level 1 in Throwing
  2615 | D:4      | Reached skill level 1 in Invocations
  2619 | D:4      | Reached skill level 1 in Dodging
  2648 | D:4      | Reached skill level 5 in Fighting
  2803 | D:4      | Reached skill level 1 in Evocations
  3166 | D:5      | Entered Level 5 of the Dungeon
  3166 | D:5      | Found an opulent altar of Gozag.
  3166 | D:5      | Found a staircase to the Ecumenical Temple.
  3166 | D:5      | Found an ornate altar of the Wu Jian Council.
  3179 | D:4      | Reached skill level 5 in Shields
  3328 | D:5      | Noticed an ice beast
  3343 | D:4      | Killed an ice beast
  3583 | D:5      | Reached XP level 7. HP: 40/61 MP: 7/7
  3592 | D:5      | Identified the ring of Ujeqeixo {rC+ Slay+2}
  3702 | D:5      | Found a bloodstained altar of Trog.
  3743 | D:5      | Noticed Sigmund
  3825 | D:5      | Killed Sigmund
  4189 | D:5      | You are sucked into a shaft and drop 3 floors!
  4193 | D:8      | Noticed a steam dragon
  4201 | D:8      | Killed a steam dragon
  4498 | D:8      | Reached skill level 5 in Long Blades
  4498 | D:8      | Reached XP level 8. HP: 37/70 MP: 8/8
  5039 | D:7      | Found a blossoming altar of Fedhas.
  5416 | D:5      | Gained mutation: Your body sometimes deteriorates upon
                  | taking damage. [potion of mutation]
  5416 | D:5      | Gained mutation: You are partially covered in iridescent
                  | scales. (AC +2) [potion of mutation]
  5416 | D:5      | Gained mutation: You are robust. (+10% HP) [potion of
                  | mutation]
  5416 | D:5      | Gained mutation: Your natural rate of healing is unusually
                  | fast. [potion of mutation]
  5648 | D:6      | Noticed Pikel
  5660 | D:6      | Killed Pikel
  5661 | D:6      | Reached XP level 9. HP: 82/85 MP: 10/10
  5808 | D:6      | Reached *** piety under the Shining One
  7383 | D:9      | Reached skill level 5 in Throwing
  7458 | D:9      | Reached XP level 10. HP: 90/96 MP: 12/12
  7496 | D:9      | Found a staircase to the Lair.
  7510 | D:9      | Noticed a two-headed ogre
  7521 | D:9      | Killed a two-headed ogre
  7650 | D:9      | Reached **** piety under the Shining One
  7650 | D:9      | Identified the amulet "Lyitin" {Acrobat Drain rF+ SInv}
  7948 | D:10     | Entered Level 10 of the Dungeon
  8008 | D:10     | Noticed a two-headed ogre
  8020 | D:10     | Killed a two-headed ogre
  8021 | D:10     | Reached skill level 1 in Short Blades
  8021 | D:10     | Reached XP level 11. HP: 61/106 MP: 13/13
  8458 | D:10     | Lost mutation: Your body sometimes deteriorates upon taking
                  | damage. [potion of mutation]
  8458 | D:10     | Lost mutation: You are robust. (+10% HP) [potion of
                  | mutation]
  8458 | D:10     | Lost mutation: You are partially covered in iridescent
                  | scales. (AC +2) [potion of mutation]
  8458 | D:10     | Gained mutation: Your flesh is heat resistant. (rF+)
                  | [potion of mutation]
  8488 | D:11     | Noticed a two-headed ogre
  8488 | D:11     | Noticed a boulder beetle
  8506 | D:11     | Killed a two-headed ogre
  8507 | D:11     | Reached skill level 10 in Fighting
  8531 | D:11     | Killed a boulder beetle
  8532 | D:11     | Reached skill level 10 in Armour
  8532 | D:11     | Reached skill level 10 in Shields
  8669 | D:11     | Identified a scroll of acquirement
  8669 | D:11     | Acquired 451 gold pieces
  8849 | D:11     | Noticed a two-headed ogre
  8855 | D:11     | Killed a two-headed ogre
  9004 | D:11     | Reached skill level 5 in Short Blades
  9196 | D:11     | Noticed a four-headed hydra
  9206 | D:11     | Killed a four-headed hydra
  9320 | D:11     | Reached XP level 12. HP: 49/110 MP: 14/14
  9459 | D:12     | Noticed a death knight
  9459 | D:12     | Reached ***** piety under the Shining One
  9658 | D:12     | Found a staircase to the Orcish Mines.
 10093 | D:12     | Killed a death knight
 10172 | D:12     | You are sucked into a shaft and drop 3 floors!
 10172 | D:15     | Entered Level 15 of the Dungeon
 10196 | D:14     | Found Oqihestu's Assorted Antiques.
 10225 | D:15     | Noticed a centaur warrior
 10240 | D:15     | Killed a centaur warrior
 10310 | D:15     | Reached skill level 5 in Invocations
 10368 | D:14     | Bought a wand of mindburst (17) for 92 gold pieces
 10368 | D:14     | Bought an iron wand for 92 gold pieces
 10368 | D:14     | Bought a bronze wand for 92 gold pieces
 10401 | D:14     | Noticed a two-headed ogre
 10406 | D:14     | Killed a two-headed ogre
 10543 | D:14     | Noticed a two-headed ogre
 10558 | D:14     | Killed a two-headed ogre
 10569 | D:14     | Noticed a centaur warrior
 10569 | D:14     | Noticed a two-headed ogre
 10570 | D:14     | Noticed an ogre mage
 10584 | D:14     | Killed a two-headed ogre
 10585 | D:14     | Reached XP level 13. HP: 83/118 MP: 14/16
 10596 | D:14     | Paralysed by an ogre mage for 6 turns
 10657 | D:14     | Identified the +7 quarterstaff of Circularity {antimagic,
                  | rN+ rCorr Str-4 Int+6}
 10667 | D:14     | Noticed Josephine
 10782 | D:14     | Killed Josephine
 10783 | D:14     | Reached skill level 5 in Evocations
 11317 | Lair:1   | Entered Level 1 of the Lair of Beasts
 11464 | Lair:1   | Reached skill level 5 in Dodging
 12491 | Lair:2   | Identified the +6 dagger of Rubbish {freeze, rC+ Str+3
                  | Int+4 Stlth+}
 13344 | Lair:2   | Reached XP level 14. HP: 122/127 MP: 18/18
 14438 | Lair:4   | Identified the +11 halberd of Severance {flame, rC+ Str+3
                  | Int+3}
 14475 | Lair:4   | Reached ****** piety under the Shining One
 14475 | Lair:4   | Noticed Kirke
 14491 | Lair:4   | Killed Kirke
 14496 | Lair:4   | Was placed under penance by the Shining One
 14511 | Lair:4   | Found a hole to the Spider Nest.
 14647 | Lair:4   | Found a hazy altar of Hepliaklqana.
 14766 | Lair:4   | Found a staircase to the Swamp.
 15424 | Lair:6   | Entered Level 6 of the Lair of Beasts
 15465 | Lair:6   | Was forgiven by the Shining One
 15498 | Lair:6   | Reached skill level 10 in Long Blades
 15504 | Lair:6   | Found a staircase to the Slime Pits.
 15527 | Lair:6   | Noticed Rupert
 15530 | Lair:6   | Paralysed by Rupert for 4 turns
 15543 | Lair:6   | Killed Rupert
 15694 | Lair:6   | Identified the +4 chain mail of Prudence {*Slow rPois
                  | Dex+4}
 16501 | Orc:1    | Entered Level 1 of the Orcish Mines
 16723 | Orc:2    | Entered Level 2 of the Orcish Mines
 16737 | Orc:2    | Found an iron altar of Okawaru.
 16788 | Orc:2    | Reached XP level 15. HP: 137/137 MP: 20/20
 16869 | Orc:2    | Found Nioreif's Assorted Antiques.
 16913 | Orc:2    | Paralysed by an ogre mage for 5 turns
 17054 | Orc:2    | Demolished by an ettin

Illustrated notes

Levels and vault maps discovered:
D:1:      shiori_arrival_whats_in_store_for_you, layout_rooms, serial_forest,
          infiniplex_forest_end_3, infiniplex_forest_lined_3,
          infiniplex_forest_lined_3_way, infiniplex_forest_clump_diagonal,
          infiniplex_forest_clump_small, infiniplex_forest_clump_small,
          infiniplex_forest_clump_diagonal
D:2:      layout_loops_ring, dreamdust_ecumenical_altar_statues
D:3:      layout_rooms, gup_sewer_entry_spiral, uniq_robin
D:4:      layout_rooms
D:5:      layout_rooms, grunt_temple_overflow_open,
          minmay_temple_entry_junction, kennysheep_generic_room_3, uniq_sigmund
D:6:      layout_loops_ring, uniq_pikel
D:7:      layout_basic, mainiacjoe_overflow_six_doors_small
D:8:      layout_rooms, skrybe_limestone_x
D:9:      layout_rooms, dpeg_oklobed_lair
D:10:     layout_rooms
D:11:     layout_roguey, minivault_8
D:12:     layout_irregular_city, erik_orc_4
D:13:     minmay_curly_fans, layout_long_grid, minmay_more_statues
D:14:     layout_basic, hangedman_vaults_entry_quadrant_bands,
          serial_park_tiny_2, nicolae_take_the_stairs, uniq_josephine
D:15:     hangedman_depths_entry_civil_slaughter, layout_cave_pools,
          corexii_checkpoint_b
Lair:1:   layout_roguey
Lair:2:   layout_layer_cave, serial_bayou_shore_a, infiniplex_staircase_pool
Lair:3:   layout_loops_ring, kennysheep_rathole
Lair:4:   layout_roguey, nicolae_swamp_entry_splash_gauntlet,
          nicolae_spider_entry_non_spiders, basic_altar,
          minmay_lair_oklob_chamber, uniq_kirke
Lair:5:   layout_loops_ring, beast_lair_carwin_11, infiniplex_staircase_pool_2
Lair:6:   minmay_lair_end_enchanted_forest, layout_misc_corridors, slime_dummy,
          uniq_rupert
Orc:1:    layout_caves
Orc:2:    st_orc_open, layout_caves, basic_altar, okawaru_metal_pillars_1_2,
          uniq_saint_roka, uniq_urug

Skill      XL: |  1  2  3  4  5  6  7  8  9 10 11 12 13 14 15 |
---------------+----------------------------------------------+-----
Armour         | 4 5 6 8 9 10 11 12 | 12.4
Fighting       | 4 5 6 8 9 11 12 13 14 | 14.2
Long Blades    | 3 4 5 6 7 8 9 10 | 10.7
Shields        | 4 5 6 8 9 11 12 13 14 | 14.2
Throwing       | 1 2 3 5 6 7 8 9 |  9.1
Invocations    | 1 2 3 4 5 7 8 |  8.6
Dodging        | 1 2 3 4 5 7 8 |  8.4
Evocations     | 1 2 3 4 5 |  5.3
Short Blades   | 1 6 8 9 |  9.1

Action                   |  1- 3 |  4- 6 |  7- 9 | 10-12 | 13-15 || total
-------------------------+-------+-------+-------+-------+-------++-------
Melee: Long sword        |    76 |   125 |       |       |   369 ||   570
       Headbutt          |    10 |    20 |    65 |   122 |   220 ||   437
       Dagger            |       |    22 |   236 |       |       ||   258
       Short sword       |       |       |    56 |   465 |    76 ||   597
       Scimitar          |       |       |       |       |   441 ||   441
Throw: Dart              |       |     6 |    34 |    43 |    21 ||   104
       Boomerang         |       |       |       |    22 |    23 ||    45
Invok: Divine Shield     |       |       |     1 |     2 |     5 ||     8
       Cleansing Flame   |       |       |       |     1 |       ||     1
Evoke: Wand              |       |       |       |     2 |     5 ||     7
  Use: Potion            |     7 |       |     2 |     3 |     2 ||    14
       Scroll            |     2 |     2 |       |     5 |    12 ||    21
Armor: Scale mail        |    16 |       |       |       |       ||    16
       Ring mail         |    15 |    55 |    80 |     3 |       ||   153
       Acid dragon scale |       |       |       |    83 |   248 ||   331
Dodge: Dodged            |    38 |    62 |    67 |   143 |   339 ||   649
Block: Kite shield       |    32 |    73 |   107 |   263 |   620 ||  1095
       Rpst.: Long sword |    13 |    14 |       |       |    30 ||    57
       Scimitar          |       |       |       |       |    42 ||    42
